 Dungeon Crawl Stone Soup version 0.14.0-26-g1682e81 (webtiles) character file.

2589 Heini the Cleaver (level 9, -21/81 HPs)
             Began as a Hill Orc Fighter on Apr 26, 2014.
             Demolished by an ogre
             ... wielding a +0,+0 giant spiked club
              (23 damage)
             ... on Level 7 of the Dungeon.
             The game lasted 00:20:12 (4789 turns).

Heini the Cleaver (Hill Orc Fighter)                Turns: 4789, Time: 00:20:13

HP -21/81        AC 18     Str 22      XL: 9   Next: 38%
MP   9/9         EV  4     Int  8      God:
Gold 319         SH 19     Dex 12      Spells:  0 memorised,  8 levels left

rFire  . . .     SeeInvis .     r - +0 broad axe
rCold  . . .     Clarity  .     z - +2 plate armour
rNeg   . . .     Conserve .     c - +0 shield
rPois  .         rCorr    .     (no helmet)
rElec  .         rRot     .     t - +0 cloak
SustAb . .       Spirit   .     F - +0 pair of gloves
rMut   .         Warding  .     (no boots)
Saprov + . .     Stasis   .     g - amulet of rage
MR     .....                    (no ring)
                                (no ring)

@: not resistant to hostile enchantments, extremely unstealthy
A: agile 1, saprovore 1
a: Evoke Berserk Rage


You were on level 7 of the Dungeon.
You were hungry.

You visited 2 branches of the dungeon, and saw 8 of its levels.

You collected 319 gold pieces.

Inventory:

Hand weapons
 a - a +0,+0 war axe
 l - a +0,+0 war axe of holy wrath
 r - a +0,+0 broad axe (weapon)
Armour
 c - a +0 shield (worn)
 t - a +0 cloak (worn)
 z - a +2 plate armour (worn)
 C - a +0 pair of gloves
 F - a +0 pair of gloves (worn)
Magical devices
 f - a wand of flame (11)
 s - a wand of digging (8) {unknown}
 y - a wand of flame (2)
Comestibles
 d - 6 meat rations
 h - 3 lemons
 n - a choko
 q - a pear
 u - 3 bread rations
 w - 2 apples
 K - 2 chunks of gnoll flesh
Scrolls
 b - a scroll of fear
 m - 3 scrolls of remove curse
 B - 2 scrolls of magic mapping
 D - a scroll of random uselessness
 G - a scroll of blinking {unknown}
 I - a scroll of teleportation
 J - a scroll of immolation
Jewellery
 e - an uncursed amulet of stasis
 g - an amulet of rage (around neck)
 j - an uncursed ring of positive energy
 E - an uncursed ring of wizardry
Potions
 i - 6 potions of heal wounds
 k - a potion of magic
 o - 3 potions of restore abilities
 v - 2 potions of curing
 A - a potion of beneficial mutation
 H - a potion of agility
Books
 p - a book of Geomancy

   Spells                             Type                      Level
   Sandblast                          Earth                        1
   Stoneskin                          Transmutation/Earth          2
   Passwall                           Transmutation/Earth          3
   Stone Arrow                        Conjuration/Earth            3
   Petrify                            Transmutation/Earth          4
   Lee's Rapid Deconstruction         Earth                        5
 x - a book of the Earth

   Spells                             Type                      Level
   Leda's Liquefaction                Hexes/Earth                  4
   Bolt of Magma                      Conjuration/Fire/Earth       5
   Statue Form                        Transmutation/Earth          6
   Iron Shot                          Conjuration/Earth            6
   Shatter                            Earth                        9


   Skills:
 * Level 8.2 Fighting
 * Level 10.9 Axes
 * Level 7.9 Armour
 - Level 3.4 Shields


You had 8 spell levels left.
You didn't know any spells.

Dungeon Overview and Level Annotations

Branches:
Dungeon (7/15)             Temple (1/1) D:5

Altars:
Ashenzari
Dithmenos
Elyvilon
Fedhas
Kikubaaqudgha
Makhleb
Nemelex Xobeh
Sif Muna
Trog
Vehumet
Yredelemnul
Zin
The Shining One

Shops:
D:5 ?


Innate Abilities, Weirdness & Mutations

You can tolerate rotten meat.
You are agile. (Dex +2)


Message History

Your shield and plate armour prevent you from hitting the ogre.
The orc warrior hits you with a trident!
* * * LOW HITPOINT WARNING * * *
The ogre hits you with a giant spiked club!
* * * LOW HITPOINT WARNING * * *
You are too injured to fight recklessly!
You are too injured to fight recklessly!
You are too injured to fight recklessly!
Your shield and plate armour prevent you from hitting the ogre.
You closely miss the orc warrior.
The orc warrior is lightly wounded.
The orc warrior hits you with a trident.
* * * LOW HITPOINT WARNING * * *
You slash the orc warrior!
The orc warrior is heavily wounded.
Your plate armour prevents you from hitting the ogre.
The orc warrior hits you with a trident.
* * * LOW HITPOINT WARNING * * *
The ogre hits you with a giant spiked club!
You die...

. . ..
....
#.#...
#.....
#....
#...#
#...#
#.Oo#
#@#
###.#
#?..#
#...#
#...#
#...#
#...#
#...#
###.#


You could see an orc warrior and an ogre.

Vanquished Creatures
  Pikel (D:6)
  The ghost of Heini the Covered, an average HOFi (D:3)
  A sky beast (D:5)
  An ice beast (D:5)
  4 slaves (D:6)
  3 giant goldfish (D:6)
  2 ogres
  Sigmund (D:3)
  Blork the orc (D:4)
  2 scorpions (D:4)
  2 vampire bats (D:4)
  A troll skeleton (D:7)
  A crimson imp (D:5)
  3 hounds
  An electric eel (D:6)
  5 big fish (D:6)
  An orc priest (D:4)
  Crazy Yiuf (D:2)
  2 orc wizards
  A worker ant (D:4)
  Ijyb (D:2)
  Jessica (D:3)
  Terence (D:3)
  3 gnolls (D:6)
  5 adders
  A giant mite (D:5)
  3 worms
  A giant eyeball (D:6)
  4 giant geckos
  4 oozes
  14 orcs
  A bat zombie (D:5)
  11 hobgoblins
  5 jackals
  3 quokkas
  2 ball pythons
  17 bats
  9 giant cockroaches
  10 giant newts
  11 goblins
  8 kobolds
  A kobold zombie (D:5)
  An orc skeleton (D:4)
  10 rats
  A ballistomycete (D:6)
163 creatures vanquished.

Vanquished Creatures (others)
  A big fish (D:6)
  A giant spore (D:6)
2 creatures vanquished.

Grand Total: 165 creatures vanquished

Notes
Turn   | Place    | Note
--------------------------------------------------------------
     0 | D:1      | Heini, the Hill Orc Fighter, began the quest for the Orb.
     0 | D:1      | Reached XP level 1. HP: 19/19 MP: 1/1
   135 | D:1      | Reached XP level 2. HP: 24/27 MP: 2/2
   281 | D:1      | Reached skill level 4 in Fighting
   458 | D:1      | Reached XP level 3. HP: 30/33 MP: 3/3
   694 | D:2      | Noticed Ijyb
   713 | D:2      | Killed Ijyb
   757 | D:2      | Reached XP level 4. HP: 38/41 MP: 4/4
  1250 | D:2      | Noticed Crazy Yiuf
  1260 | D:2      | Killed Crazy Yiuf
  1348 | D:3      | Reached XP level 5. HP: 34/47 MP: 5/5
  1364 | D:3      | Reached skill level 5 in Fighting
  1490 | D:3      | Noticed Jessica
  1493 | D:3      | Noticed Sigmund
  1497 | D:3      | Killed Jessica
  1527 | D:3      | Killed Sigmund
  1527 | D:3      | Reached skill level 5 in Axes
  1527 | D:3      | Reached skill level 5 in Armour
  1527 | D:3      | Reached XP level 6. HP: 21/56 MP: 6/6
  1728 | D:3      | Noticed Heini's ghost (average HOFi)
  2083 | D:4      | Noticed Blork the orc
  2098 | D:4      | Killed Blork the orc
  2098 | D:4      | Reached skill level 6 in Axes
  2098 | D:4      | Reached XP level 7. HP: 45/62 MP: 7/7
  2201 | D:3      | Killed Heini's ghost
  2201 | D:3      | Reached skill level 7 in Axes
  2263 | D:3      | Noticed Terence
  2270 | D:3      | Killed Terence
  3047 | D:4      | Reached XP level 8. HP: 29/71 MP: 8/8
  3410 | D:5      | Entered Level 5 of the Dungeon
  3417 | D:5      | Reached skill level 8 in Axes
  3507 | D:5      | Found Cusap's Magic Scroll Emporium.
  3592 | D:5      | Gained mutation: You are agile. (Dex +2) [potion of beneficial mutation]
  3824 | D:5      | Found a staircase to the Ecumenical Temple.
  3843 | Temple   | Entered the Ecumenical Temple
  4196 | D:6      | Reached skill level 9 in Axes
  4271 | D:6      | Noticed Pikel
  4292 | D:6      | Killed Pikel
  4292 | D:6      | Reached skill level 10 in Axes
  4292 | D:6      | Reached XP level 9. HP: 50/80 MP: 9/9
  4426 | D:6      | Paralysed by a giant eyeball for 4 turns
  4433 | D:6      | Paralysed by a giant eyeball for 2 turns
  4789 | D:7      | HP: 2/81 [orc warrior/trident (5)]
  4789 | D:7      | Demolished by an ogre

Action                   |  1- 3 |  4- 6 |  7- 9 || total
-------------------------+-------+-------+-------++-------
Melee: War axe           |   126 |   183 |    84 ||   393
       Broad axe         |       |       |   187 ||   187
  Use: Scroll            |     2 |     5 |     5 ||    12
       Potion            |       |     1 |     2 ||     3
 Stab: Confused          |       |       |     1 ||     1
